 Dungeon Crawl Stone Soup version 0.9.0-27-g8a39726 character file.

3959 NgWz the Transmogrifier (level 9, -2/73 (78) HPs)
             Began as a Troll Transmuter on Feb 1, 2012.
             Was a Priest of Kikubaaqudgha.
             Slain by Erolcha
             ... wielding a +0,+0 giant club
              (23 damage)
             ... on Level 11 of the Dungeon.
             The game lasted 00:36:53 (7197 turns).

NgWz the Transmogrifier (Troll Transmuter)          Turns: 7197, Time: 00:36:53

HP  -2/73 (78)   AC  8     Str 20      XL: 9   Next: 70%
MP   1/6         EV  9     Int 12      God: Kikubaaqudgha [***...]
Gold 459         SH  0     Dex 10      Spells:  3 memorised,  2 levels left

Res.Fire  : . . .   See Invis. : .     - Unarmed
Res.Cold  : . . .   Warding    : . . y - +1 robe
Life Prot.: . . .   Conserve   : .   (shield restricted)
Res.Acid. : . . .   Res.Corr.  : .   (helmet restricted)
Res.Poison: .       Clarity    : .   x - +1 dwarf cloak
Res.Elec. : .       Spirit.Shd : .   (gloves unavailable)
Sust.Abil.: + .     Stasis     : .   (boots unavailable)
Res.Mut.  : .       Ctrl.Telep.: .   R - amulet of rage
Res.Rott. : .       Levitation : .   (no ring)
Gourmand  : +       Ctrl.Flight: .   j - ring of sustain abilities

@: mildly poisoned, very slightly glowing, slightly resistant to hostile
enchantments, unstealthy
A: unfitting armour, claws 3, fast metabolism 3, gourmand, regeneration 2,
saprovore 2, tough skin 2, AC +1
a: Receive Corpses, Renounce Religion, Evoke Berserk Rage


You were on level 11 of the Dungeon.
You worshipped Kikubaaqudgha.
Kikubaaqudgha was greatly pleased with you.
You were not hungry.

You visited 2 branches of the dungeon, and saw 12 of its levels.
You visited 1 portal chamber: sewer.

You collected 477 gold pieces.
You spent 38 gold pieces at shops.

Inventory:

Hand weapons
 s - a +0 elven blowgun
 I - a +2,+0 sling
Missiles
 b - 12 +0 arrows
 g - 21 +0 sling bullets of flame
 t - 16 poisoned +0 needles
 J - 16 +3 sling bullets
Armour
 x - a +1 dwarven cloak (worn)
 y - a +1 robe (worn)
Magical devices
 h - a wand of slowing (10)
 B - a wand of enslavement (6) {unknown}
 C - a wand of slowing (13)
 L - a wand of fireball (1) {unknown}
 M - a wand of paralysis (5) {unknown}
 P - a wand of fireball (10) {unknown}
 X - a wand of cold (6) {unknown}
 Y - a wand of random effects (12) {unknown}
Comestibles
 a - 6 meat rations
 m - 3 bread rations
 r - 3 apples
 v - a snozzcumber
 Z - a pear
Scrolls
 c - 4 scrolls of remove curse
 i - 2 scrolls of fog
 k - 2 scrolls of magic mapping
 l - 2 scrolls of detect curse
 o - 6 scrolls of teleportation
 q - 3 scrolls of identify
 A - a scroll of immolation
 D - a scroll of enchant weapon I {unknown}
 F - a scroll of amnesia {unknown}
 H - 3 scrolls of curse weapon {unknown}
 Q - a scroll of enchant weapon II {unknown}
 S - a scroll of summoning {unknown}
Jewellery
 j - a ring of sustain abilities (left hand)
 w - an uncursed amulet of controlled flight
 R - an amulet of rage (around neck)
Potions
 e - 10 potions of confusion
 f - 6 potions of poison
 n - a potion of cure mutation {unknown}
 p - a potion of resistance {unknown}
 z - a potion of water
 G - a potion of gain intelligence {unknown}
 N - 2 potions of agility
 O - 2 potions of might {unknown}
 T - 2 potions of magic {unknown}
 W - a potion of degeneration
Books
 d - a book of Changes

   Spells                             Type                      Level
   *Fulsome Distillation              Transmutation/Necromancy     1
   Sticks to Snakes                   Transmutation                2
   *Evaporate                         Fire/Transmutation           2
   Spider Form                        Transmutation/Poison         3
   Ice Form                           Ice/Transmutation            4
   *Blade Hands                       Transmutation                5
 E - a book of Necromancy {god gift}

   Spells                             Type                      Level
   Pain                               Necromancy                   1
   Animate Skeleton                   Necromancy                   1
   Lethal Infusion                    Charms/Necromancy            2
   Vampiric Draining                  Necromancy                   3
   Regeneration                       Charms/Necromancy            3
   Dispel Undead                      Necromancy                   4
   Animate Dead                       Necromancy                   4
 K - a book of Hinderance

   Spells                             Type                      Level
   Confusing Touch                    Hexes                        1
   Slow                               Hexes                        2
   Confuse                            Hexes                        3
   Petrify                            Transmutation/Earth          4
   Leda's Liquefaction                Transmutation/Earth          4
 U - a book of Death {god gift}

   Spells                             Type                      Level
   Corpse Rot                         Necromancy                   2
   Sublimation of Blood               Necromancy                   2
   Agony                              Necromancy                   5
   Excruciating Wounds                Charms/Necromancy            5
   Bolt of Draining                   Conjuration/Necromancy       6
 V - a book of Stalking

   Spells                             Type                      Level
   *Fulsome Distillation              Transmutation/Necromancy     1
   *Evaporate                         Fire/Transmutation           2
   Passwall                           Transmutation/Earth          3
   Petrify                            Transmutation/Earth          4
   Dig                                Transmutation/Earth          4


   Skills:
 - Level 1 Fighting
 - Level 1 Dodging
 - Level 1 Stealth
 - Level 1 Traps & Doors
 - Level 3 Unarmed Combat
 - Level 1 Spellcasting
 - Level 1 Necromancy
 * Level 10 Transmutations
 - Level 1 Fire Magic


You had 2 spell levels left.
You knew the following spells:

 Your Spells              Type           Power        Success   Level  Hunger
a - Fulsome Distillation  Trmt/Necr      N/A          Excellent   1    Strawberry
b - Evaporate             Fire/Trmt      ###.......   Great       2    Choko
c - Blade Hands Trmt      ####......     Very         Good        5    Honeycomb

Dungeon Overview and Level Annotations

Branches:
Dungeon (11/27)            Temple (1/1) D:4             Orc (0/4) D:10
   Lair (0/8) D:9
   Hive: D:11-16

Altars:
Ashenzari
Cheibriados
Elyvilon
Fedhas
Kikubaaqudgha
Makhleb
Nemelex Xobeh
Okawaru
Sif Muna
The Shining One
Trog
Vehumet
Xom
Yredelemnul
Zin

Shops:
D:4: [ D:8: +


Innate Abilities, Weirdness & Mutations

You are too large for most types of armour.
You have claws for hands.
Your metabolism is lightning-fast.
You like to eat raw meat.
You heal very quickly.
You can eat rotten meat.
You are covered in fur (AC +1).
You have very tough skin (AC +2).


Message History

Drink which item? (? for menu, Esc to quit)
You feel much better.
Casting: Evaporate
Confirm with . or Enter, or press ? or * to list all spells.
You don't have enough magic to cast that spell.
You closely miss Erolcha.
Erolcha points at you and mumbles some strange words.
The sting hits you!
You are more poisoned.
You claw Erolcha!
Erolcha is almost dead.
You feel sick.
You feel a little better. Erolcha hits you with a giant club!
* * * LOW HITPOINT WARNING * * *
You hit Erolcha, but do no damage.
Erolcha is almost dead.
Erolcha hits you with a giant club!
You die...
Kikubaaqudgha rasps: "You have failed me!
Welcome... death!"

#.)%....#.
######..#.##.#.
#...)........#.
#.####..#...##.
*,* #..#......
*,* #..#....#.
*,* #..######.
*,* #.......#.
*,***#@#####.#.
#....O.....#,##
######.###.#,*
#.# ,*,* ***#.#
*,*,* *,,#.#
*,*,** *,,#.#
*,*,,,
*,,#.#**,*,,,
*,,#.#,,,*,,,


You could see Erolcha (bleeding).

Vanquished Creatures
  A hill giant (D:11)
  Joseph (D:7)
  Eustachio (D:7)
  Grum (D:9)
  3 war dogs (D:9)
  2 ice beasts
  2 necrophages
  An orc warrior (D:6)
  4 ogres
  Duvessa (D:9)
  A big kobold (Port)
  4 wights (D:9)
  5 killer bees (D:9)
  An imp (D:8)
  2 orc priests
  Dowan (D:9)
  A hound zombie (D:6)
  A quasit (D:7)
  2 hounds
  2 scorpions
  A shadow (D:7)
  An iguana (D:10)
  3 orc wizards
  5 worker ants
  A wandering mushroom (D:9)
  4 jellies
  8 gnolls
  A green rat (Port)
  15 snakes
  A giant mite (D:5)
  A snake zombie (D:5)
  A scorpion zombie (D:7)
  5 worms
  5 grey rats
  2 giant eyeballs
  11 giant geckos
  2 oozes
  19 orcs
  14 bats
  9 giant cockroaches
  15 goblins
  12 hobgoblins
  6 jackals
  22 kobolds
  2 quokkas
  3 small snakes
  A giant gecko skeleton (D:4)
  5 giant newts
  A hobgoblin zombie (D:9)
  8 rats
  A toadstool (D:9)
222 creatures vanquished.

Vanquished Creatures (collateral kills)
  An orc wizard (D:6)
  A kobold (D:11)
2 creatures vanquished.

Vanquished Creatures (others)
  A human (D:8)
  An orc priest (D:11)
  An orc wizard (D:11)
  A giant gecko zombie (D:5)
  2 kobolds (D:7)
  A fungus (D:9)
7 creatures vanquished.

Grand Total: 231 creatures vanquished

Notes
Turn   | Place    | Note
--------------------------------------------------------------
     0 | D:1      | NgWz, the Troll Transmuter, began the quest for the Orb.
     0 | D:1      | Reached XP level 1. HP: 19/19 MP: 1/1
     2 | D:1      | Learned a level 1 spell: Fulsome Distillation
   224 | D:1      | Reached XP level 2. HP: 25/27 MP: 1/1
   692 | D:1      | Reached XP level 3. HP: 14/33 MP: 2/2
   739 | D:1      | Learned a level 2 spell: Evaporate
   787 | D:2      | Reached skill level 1 in Fighting
   982 | D:2      | Reached XP level 4. HP: 32/41 MP: 3/3
  1268 | D:3      | Found a white marble altar of Elyvilon.
  1298 | D:3      | Paralysed by a giant eyeball for 4 turns
  1383 | D:3      | Noticed Leverkuhn's ghost (weakling DsWz)
  1419 | D:3      | Reached skill level 4 in Transmutations
  1423 | D:3      | Reached XP level 5. HP: 48/48 MP: 2/3
  1632 | D:3      | Found a glowing drain. 1703
                  | sewer
                  | Entered the sewers 1785
                  | sewer
                  | Reached skill level 5 in Transmutations 1785
                  | sewer
                  | Reached XP level 6. HP: 55/55 MP: 4/4 1828
                  | sewer
                  | Found a white marble altar of Elyvilon.
  2054 | D:4      | Found a basalt altar of Yredelemnul.
  2151 | D:4      | Found a blossoming altar of Fedhas.
  2222 | D:4      | Found a staircase to the Ecumenical Temple.
  2239 | Temple   | Entered the Ecumenical Temple
  2293 | Temple   | Became a worshipper of Kikubaaqudgha
  2399 | D:4      | Found Poaxiac's Antique Armour Shoppe.
  2409 | D:4      | Bought a dwarven cloak for 24 gold pieces
  2409 | D:4      | Bought a glowing robe for 14 gold pieces
  2686 | D:5      | Entered Level 5 of the Dungeon
  2757 | D:5      | Reached skill level 1 in Necromancy
  2944 | D:5      | Found a shimmering altar of Xom.
  2996 | D:5      | Found a burning altar of Makhleb.
  3019 | D:5      | Reached XP level 7. HP: 25/62 MP: 4/4
  3309 | D:5      | Acquired Kikubaaqudgha's first power
  3309 | D:5      | Received a gift from Kikubaaqudgha
  3353 | D:5      | Reached skill level 1 in Stealth
  3353 | D:5      | Reached skill level 6 in Transmutations
  3718 | D:6      | Learned a level 5 spell: Blade Hands
  4311 | D:7      | Noticed Joseph
  4336 | D:7      | Defeated Joseph
  4336 | D:7      | Reached skill level 7 in Transmutations
  4336 | D:7      | Reached XP level 8. HP: 71/71 MP: 5/5
  4533 | D:7      | Noticed Eustachio
  4545 | D:7      | Defeated Eustachio
  4545 | D:7      | Acquired Kikubaaqudgha's second power
  4662 | D:7      | Reached skill level 8 in Transmutations
  4710 | D:7      | Reached skill level 1 in Traps & Doors
  4976 | D:8      | Found an ancient bone altar of Kikubaaqudgha.
  5121 | D:8      | Found Plaevimp's Book Shop.
  5261 | D:8      | Reached XP level 9. HP: 76/78 MP: 6/6
  5808 | D:9      | Reached skill level 9 in Transmutations
  6045 | D:9      | Found a staircase to the Lair.
  6098 | D:9      | Noticed a wandering mushroom
  6194 | D:9      | Defeated a wandering mushroom
  6354 | D:9      | Noticed Grum
  6360 | D:9      | Noticed Duvessa
  6361 | D:9      | Noticed Dowan
  6363 | D:9      | Reached skill level 1 in Fire Magic
  6375 | D:9      | Defeated Grum
  6385 | D:9      | Defeated Duvessa
  6397 | D:9      | Defeated Dowan
  6402 | D:9      | Received a gift from Kikubaaqudgha
  6700 | D:10     | Entered Level 10 of the Dungeon
  6813 | D:10     | Found a staircase to the Orcish Mines.
  7013 | D:11     | Reached skill level 10 in Transmutations
  7185 | D:11     | Noticed Erolcha
  7197 | D:11     | Slain by Erolcha
